 Dungeon Crawl Stone Soup version 0.19-a0-1875-g4fea3da (webtiles) character file.

64 sveltemanboy the Chopper (level 3, 0/27 HPs)
             Began as a Demonspawn Gladiator on Oct 13, 2016.
             Slain by an adder (2 damage)
             ... on level 2 of the Dungeon.
             The game lasted 00:02:07 (1002 turns).

sveltemanboy the Chopper (Demonspawn Gladiator)     Turns: 1002, Time: 00:02:07

Health: 0/27       AC:  4    Str: 16    XL:     3   Next: 91%
Magic:  3/3        EV: 12    Int:  9    God:
Gold:   28         SH:  0    Dex: 13    Spells: 0 memorised, 2 levels left

rFire  + . .     SeeInvis .     a - +0 war axe
rCold  + . .     Gourm    .     b - +0 leather armour
rNeg   . . .     Faith    .     (no shield)
rPois  +         Spirit   .     c - +0 helmet
rElec  +         Dismiss  .     (no cloak)
rCorr  +         Reflect  .     (no gloves)
MR     .....     Harm     .     (no boots)
Stlth  +.........               (no amulet)
                                (no ring)
                                g - ring of poison resistance

@: resistant
A: powered by pain 1
a: no special abilities


You were on level 2 of the Dungeon.
You were not hungry.

You visited 1 branch of the dungeon, and saw 2 of its levels.

You collected 28 gold pieces.

Inventory:

Hand Weapons
 a - a +0 war axe (weapon)
Missiles
 d - 2 throwing nets (quivered)
 e - 30 stones
Armour
 b - a +0 leather armour (worn)
 c - a +0 helmet (worn)
Jewellery
 g - a ring of poison resistance (left hand)
 i - an uncursed ring of see invisible {unknown}
Scrolls
 j - a scroll of enchant weapon {unknown}
 k - 2 scrolls of magic mapping {unknown}
 l - a scroll of remove curse {unknown}
 m - a scroll of teleportation {unknown}
 n - a scroll of noise {unknown}
 q - 2 scrolls of random uselessness {unknown}
Comestibles
 f - a bread ration


   Skills:
 - Level 2.0 Fighting
 * Level 3.8 Axes
 - Level 1.7 Throwing
 + Level 1.9 Armour
 - Level 2.6 Dodging


You had 2 spell levels left.
You didn't know any spells.

Dungeon Overview and Level Annotations

Branches:
Dungeon (2/15)

Altars:

Annotations:
D:2 Terence


Innate Abilities, Weirdness & Mutations

You sometimes gain a little power by taking damage.


Message History

You closely miss the adder.
The adder is almost dead.
The adder bites you but does no damage.
You closely miss the adder.
The adder is almost dead.
The adder bites you but does no damage. x2
You miss the adder.
The adder is almost dead.
The adder completely misses you. The adder barely misses you.
You hit the adder.
The adder is almost dead.
The adder bites you.
* * * LOW HITPOINT WARNING * * *
You hit the adder but do no damage.
The adder is almost dead.
The adder closely misses you. The adder completely misses you.
You barely miss the adder.
The adder is almost dead.
The adder closely misses you. The adder bites you.
You die...

###.#### #.#.# #.# #.#..
#.# #.### ##'## #....
##...## ##### ##.....##
### # ##.......## ##.#
#([.####.........####...
.(...@S@.........'......
#...####.........####...
. ##.......## ##..
##.....## ##. ##...## #.
##'## #. #.# #.
######.#### #.
...........# #.


You could see Terence and an adder.

Vanquished Creatures
  Natasha (D:2)
  An adder (D:2)
  2 dart slugs
  A bat (D:1)
  2 giant cockroaches (D:1)
  6 goblins
  A hobgoblin (D:1)
  2 ball pythons
  2 frilled lizards (D:1)
  6 kobolds
  6 rats
30 creatures vanquished.

Notes
Turn   | Place    | Note
-------+----------+-------------------------------------------
     0 | D:1      | sveltemanboy the Demonspawn Gladiator began the quest for the Orb.
     0 | D:1      | Reached XP level 1. HP: 16/16 MP: 1/1
    35 | D:1      | Reached skill level 3 in Axes
   134 | D:1      | Gained mutation: You sometimes gain a little power by taking damage. [demonic ancestry]
   134 | D:1      | Reached XP level 2. HP: 22/22 MP: 2/2
   176 | D:1      | Reached skill level 1 in Armour
   612 | D:2      | Found a faded altar of an unknown god.
   640 | D:2      | Reached XP level 3. HP: 17/27 MP: 3/3
   973 | D:2      | Noticed Natasha
   978 | D:2      | Noticed Terence
   984 | D:2      | Killed Natasha
  1002 | D:2      | Slain by an adder

Vault maps used:
D:1:      dpeg_arrival_arbitrary_c
D:2:      ecumenical_altar_1, uniq_terence, uniq_natasha, uniq_iyjb

Skill      XL: |  1  2 |
---------------+-------+-----
Axes           | 3 |  3.8
Armour         | 1 |  1.9
Fighting       | |  2.0
Throwing       | |  1.7
Dodging        | |  2.6

Action                   || total
-------------------------++-------
Melee: War axe           ||    78
Throw: Stone             ||     3
       Throwing net      ||     1
  Use: Potion            ||     2
Armor: Leather armour    ||    28
Dodge: Dodged            ||    43
